 Dungeon Crawl Stone Soup version 0.22-a0-240-g539252a (webtiles) character file.

196 wolfsongas the Fighter (level 5, -15/85 HPs)
             Began as a Gnoll Wanderer on Feb 22, 2018.
             Killed from afar by a jackal zombie (45 damage)
             ... with an exploding inner flame
             ... hexed by the player character
             ... on level 2 of the Dungeon.
             The game lasted 00:02:53 (1181 turns).

wolfsongas the Fighter (Gnoll Wanderer)             Turns: 1181, Time: 00:02:54

Health: -15/85     AC: 22    Str: 14    XL:     5   Next: 75%
Magic:  7/7        EV:  2    Int: 22    God:
Gold:   28         SH:  0    Dex: 13    Spells: 7/7 levels left

rFire    . . .     SeeInvis .   a - +2 falchion
rCold    . . .     Gourm    .   (no shield)
rNeg     + + +     Faith    .   (armour currently unavailable)
rPois    +         Spirit   .   (helmet currently unavailable)
rElec    .         Reflect  .   (cloak currently unavailable)
rCorr    .         Harm     .   (gloves currently unavailable)
MR       .....     NoTele   +   (boots currently unavailable)
Stlth    ++........             (no amulet)
HPRegen  0.24/turn              (no ring)
MPRegen  0.10/turn              (no ring)

@: brilliant, tree-form, fainting
A: distributed training, strong nose
a: no special abilities


You were on level 2 of the Dungeon.
You were fainting.
You were a tree.
You visited 1 branch of the dungeon, and saw 2 of its levels.

You collected 28 gold pieces.

Inventory:

Hand Weapons
 a - a +2 falchion (weapon)
Missiles
 l - 47 stones (quivered)
Armour
 e - a +1 ring mail (melded)
Scrolls
 p - a scroll of remove curse
Potions
 b - a potion of curing
 i - a potion of ambrosia {unknown}
 m - a potion of flight {unknown}
 n - a potion of agility {unknown}
 q - a potion of might {unknown}
Comestibles
 f - 2 rations


   Skills:
 + Level 12.1 Fighting
 + Level 1.6 Short Blades
 + Level 4.8 Long Blades
 + Level 1.6 Axes
 + Level 1.6 Maces & Flails
 + Level 1.6 Polearms
 + Level 1.6 Staves
 + Level 1.6 Slings
 + Level 1.6 Bows
 + Level 1.6 Crossbows
 + Level 4.8 Throwing
 + Level 1.6 Armour
 + Level 1.6 Dodging
 + Level 1.6 Stealth
 + Level 1.6 Shields
 + Level 1.6 Unarmed Combat
 + Level 1.6 Spellcasting
 + Level 1.2 Conjurations
 + Level 1.2 Hexes
 + Level 1.2 Charms
 + Level 1.2 Summonings
 + Level 1.2 Necromancy
 + Level 1.2 Translocations
 + Level 1.2 Transmutations
 + Level 1.2 Fire Magic
 + Level 1.2 Ice Magic
 + Level 1.2 Air Magic
 + Level 1.2 Earth Magic
 + Level 1.2 Poison Magic
 + Level 1.8 Invocations
 + Level 1.6 Evocations


You had 7 spell levels left.
You didn't know any spells.

Dungeon Overview and Level Annotations

Branches:
Dungeon (2/15)

Altars:
Kikubaaqudgha
Ru
Yredelemnul

Annotations:
D:2 1 transporter


Innate Abilities, Weirdness & Mutations

Your experience applies equally to all skills.
((You have very sharp teeth.))
Your uncanny sense of smell can sniff out nearby items.


Message History

The hungry ghost hits you.
You feel slightly more hungry.
You hit the hungry ghost but do no damage.
The hungry ghost is almost destroyed.
The jackal zombie bites you but does no damage.
The ball python skeleton bites you but does no damage.
The ball python skeleton constricts you.
The giant cockroach zombie bites you but does no damage.
The hungry ghost hits you.
You feel slightly more hungry.
You slash the hungry ghost!
The hungry ghost explodes!
The fiery explosion engulfs the giant cockroach zombie.
The giant cockroach zombie explodes!
The fiery explosion engulfs the ball python skeleton.
The ball python skeleton explodes!
The fiery explosion engulfs you!
The fiery explosion engulfs the jackal zombie.
The jackal zombie explodes!
The fiery explosion engulfs you!
Ouch! That really hurt!
You die...

....©........# #
##########..# ##
∆$_:⌠)_$:M#..# #.
..[.....#..# #. .
##...##..#..# ##. .#.
#8..)8#..#..######..
.#..##...##..#..........
.#.....§.(...#.#######.#
.#..##§♣§##..#.# #.#
.#..#8§§§8#..#.# #.#
.#..##§§§##..#.# #.#
.#...........#.# #.#
.#©..........#.# #.#
.#############.# ..
.......©.......#
######...####### #...#


There were no monsters in sight!

Vanquished Creatures
  Menkaure (D:2)
  4 adders (D:2)
  2 worms (D:2)
  A dart slug (D:1)
  7 bats
  2 giant cockroaches (D:1)
  6 hobgoblins (D:1)
  3 jackals (D:1)
  2 quokkas (D:2)
  A ball python skeleton (D:2)
  3 kobolds (D:1)
  6 rats
38 creatures vanquished.

Notes
Turn   | Place    | Note
-------+----------+-------------------------------------------
     0 | D:1      | Reached skill level 12 in Fighting
     0 | D:1      | wolfsongas the Gnoll Wanderer began the quest for the Orb.
     0 | D:1      | wolfsongas set off with: a +2 falchion, a potion of curing, a potion of lignification, a +0 robe, a ration
     0 | D:1      | Reached XP level 1. HP: 31/31 MP: 1/1
   194 | D:1      | Reached XP level 2. HP: 25/38 MP: 2/2
   566 | D:1      | Reached XP level 3. HP: 39/44 MP: 3/3
   861 | D:2      | Found a sacrificial altar of Ru.
   927 | D:2      | Reached skill level 1 in Invocations
  1034 | D:2      | Reached skill level 1 in Short Blades
  1034 | D:2      | Reached skill level 1 in Axes
  1034 | D:2      | Reached skill level 1 in Maces & Flails
  1034 | D:2      | Reached skill level 1 in Polearms
  1034 | D:2      | Reached skill level 1 in Staves
  1034 | D:2      | Reached skill level 1 in Slings
  1034 | D:2      | Reached skill level 1 in Bows
  1034 | D:2      | Reached skill level 1 in Crossbows
  1034 | D:2      | Reached skill level 1 in Armour
  1034 | D:2      | Reached skill level 1 in Dodging
  1034 | D:2      | Reached skill level 1 in Stealth
  1034 | D:2      | Reached skill level 1 in Shields
  1034 | D:2      | Reached skill level 1 in Unarmed Combat
  1034 | D:2      | Reached skill level 1 in Spellcasting
  1034 | D:2      | Reached skill level 1 in Evocations
  1034 | D:2      | Reached XP level 4. HP: 47/51 MP: 5/5
  1115 | D:2      | Found a basalt altar of Yredelemnul.
  1120 | D:2      | Noticed Menkaure
  1123 | D:2      | Found a transporter.
  1133 | D:2      | Noticed a hungry ghost
  1134 | D:2      | Found a transporter.
  1139 | D:2      | Found an ancient bone altar of Kikubaaqudgha.
  1148 | D:2      | Killed Menkaure
  1148 | D:2      | Reached skill level 1 in Conjurations
  1148 | D:2      | Reached skill level 1 in Hexes
  1148 | D:2      | Reached skill level 1 in Charms
  1148 | D:2      | Reached skill level 1 in Summonings
  1148 | D:2      | Reached skill level 1 in Necromancy
  1148 | D:2      | Reached skill level 1 in Translocations
  1148 | D:2      | Reached skill level 1 in Transmutations
  1148 | D:2      | Reached skill level 1 in Fire Magic
  1148 | D:2      | Reached skill level 1 in Ice Magic
  1148 | D:2      | Reached skill level 1 in Air Magic
  1148 | D:2      | Reached skill level 1 in Earth Magic
  1148 | D:2      | Reached skill level 1 in Poison Magic
  1148 | D:2      | Reached XP level 5. HP: 56/57 MP: 5/7
  1181 | D:2      | Killed a hungry ghost
  1181 | D:2      | Killed from afar by a jackal zombie

Vault maps used:
D:1:      lemuel_arrival_lava_pool
D:2:      gammafunk_temple_of_torment, nicolae_ru_awakened_eye

Skill      XL: |  1  2  3  4 |
---------------+-------------+-----
Fighting       | | 12.1
Invocations    | 1 |  1.8
Short Blades   | 1 |  1.6
Axes           | 1 |  1.6
Maces & Flails | 1 |  1.6
Polearms       | 1 |  1.6
Staves         | 1 |  1.6
Slings         | 1 |  1.6
Bows           | 1 |  1.6
Crossbows      | 1 |  1.6
Armour         | 1 |  1.6
Dodging        | 1 |  1.6
Stealth        | 1 |  1.6
Shields        | 1 |  1.6
Unarmed Combat | 1 |  1.6
Spellcasting   | 1 |  1.6
Evocations     | 1 |  1.6
Conjurations   | 1 |  1.2
Hexes          | 1 |  1.2
Charms         | 1 |  1.2
Summonings     | 1 |  1.2
Necromancy     | 1 |  1.2
Translocations | 1 |  1.2
Transmutations | 1 |  1.2
Fire Magic     | 1 |  1.2
Ice Magic      | 1 |  1.2
Air Magic      | 1 |  1.2
Earth Magic    | 1 |  1.2
Poison Magic   | 1 |  1.2
Long Blades    | |  4.8
Throwing       | |  4.8

Action                   |  1- 3 |  4- 6 || total
-------------------------+-------+-------++-------
Melee: Short sword       |    32 |       ||    32
       Falchion          |    70 |    46 ||   116
       Bite              |    14 |     3 ||    17
  Use: Scroll            |     3 |     3 ||     6
       Potion            |     1 |     3 ||     4
  Eat: Chunk             |     1 |     8 ||     9
Armor: Ring mail         |    51 |    17 ||    68
       Robe              |     3 |       ||     3
       Skin              |       |   145 ||   145
Dodge: Dodged            |    66 |    15 ||    81
       Rpst.: Falchion   |    16 |     1 ||    17

Table legend:
 A = Spawn XP
 B = Non-spawn XP
 C = Spawn XP percentage of total XP
 D = Spawn monster count
 E = Non-spawn monster count
 F = Spawn count percentage of total count
 G = Total turns spent on level
                    A         B        C        D         E        F      G
               +---------+---------+-------+---------+---------+-------+---------
         Total |       0 |     281 |   0.0 |       0 |      38 |   0.0 |  1181
               +---------+---------+-------+---------+---------+-------+---------
           D:1 |       0 |      40 |   0.0 |       0 |      21 |   0.0 |   658
           D:2 |       0 |     241 |   0.0 |       0 |      17 |   0.0 |   523
               +---------+---------+-------+---------+---------+-------+---------
